 Dungeon Sprint DCSS version 0.19.5 (webtiles) character file.

9 equalderp2856 the Caller (level 2, 0/11 HPs)
             Began as a Felid Summoner on Mar 8, 2017.
             Slain by a quasit (2 damage)
             ... in the Dungeon (Sprint VII: "The Pits").
             The game lasted 00:01:16 (363 turns).

equalderp2856 the Caller (Felid Summoner)            Turns: 363, Time: 00:01:17

Health: 0/11       AC:  1    Str:  4      XL:     2   Next: 3%
Magic:  1/6        EV: 18    Int: 16      God:
Gold:   0          SH:  0    Dex: 15 (16) Spells: 1 memorised, 4 levels left
                                        Lives:  0   Deaths: 0

rFire  . . .     SeeInvis +     (weapon unavailable)
rCold  . . .     Gourm    .     (armour unavailable)
rNeg   . . .     Faith    .     (shield unavailable)
rPois  .         Spirit   .     (helmet unavailable)
rElec  .         Reflect  .     (cloak unavailable)
rCorr  .         Harm     .     (gloves unavailable)
MR     .....     NoTele   +     (boots unavailable)
Stlth  +++.......               (no amulet)
                                (no ring)
                                (no ring)

@: quick
A: no armour, no weapons or thrown items, stealth, claws 1, fangs 3, see
invisible, carnivore 3, speed 1, shaggy fur 1, slow metabolism 1, sharp paws
a: no special abilities


You were in the Dungeon.
You were not hungry.

You visited 1 branch

Inventory:

Scrolls
 h - a scroll of blinking
Potions
 c - a potion of curing
 d - a potion of heal wounds
 e - a potion of haste
 f - 2 potions of magic
 g - a potion of berserk rage
Books
 a - a book of Callings

   Spells                             Type                      Level
   a - Summon Small Mammal            Summoning                    1
   b - Call Imp                       Summoning                    2
   c - Call Canine Familiar           Summoning                    3
   d - Summon Guardian Golem          Hexes/Summoning              3
   e - Summon Lightning Spire         Summoning/Air                4
   f - Summon Ice Beast               Ice/Summoning                4
Comestibles
 b - a meat ration


   Skills:
 + Level 3.1 Dodging
 + Level 3.0 Stealth
 + Level 0.8 Unarmed Combat
 + Level 2.3 Spellcasting
 + Level 5.2 Summonings


You had 4 spell levels left.
You knew the following spells:

 Your Spells              Type           Power        Failure   Level  Hunger
a - Summon Small Mammal   Summ           ###.         2%          1    #......


Dungeon Overview and Level Annotations

Branches:
Dungeon (1/1)

Altars:


Innate Abilities, Weirdness & Mutations

You cannot wear armour.
You are incapable of wielding weapons or throwing items.
Your paws allow you to move quietly. (Stealth)
You have sharp claws.
You have razor-sharp teeth.
You have supernaturally acute eyesight. (SInv)
You are carnivorous and can eat meat at any time.
You cover ground quickly.
You are covered in fur. (AC +1)
You have a slow metabolism.
Your sharp claws are effective at attacking unaware monsters.


Message History

* * * LOW HITPOINT WARNING * * *
The quasit claws you.
* * * LOW HITPOINT WARNING * * *
Casting: Summon Small Mammal
Confirm with . or Enter, or press ? or * to list all spells.
The quasit barely misses you. The quasit misses you.
The quasit barely misses you.
Your quokka barely misses the ball python.
Your quokka bites the ball python.
The ball python closely misses your quokka. x2
The ball python bites your quokka but does no damage.
The ball python misses your quokka.
Your quokka barely misses the ball python.
Casting: Summon Small Mammal
Confirm with . or Enter, or press ? or * to list all spells.
The quasit barely misses you. The quasit misses you.
The quasit completely misses you. The ball python misses your quokka.
The ball python grabs your quokka. The ball python constricts your quokka.
Your quokka misses the ball python. The quasit bites you.
You die...

#+###########++######
#.##................#
+.##......#..#......#
###.##.......Sr.......+
.....'.........5@.r...+
'#####......#..#......#
).'.##................#
..#S#####'#####++######
###.##.......#
.†#.##.......#
5.'.##.......#
######...<...#
#.......#


You could see a quasit, a ball python, a friendly quokka and a friendly rat.

Vanquished Creatures
  An adder skeleton (D)
  A leopard gecko (D)
  A goblin (D)
  2 rats (D)
5 creatures vanquished.

Vanquished Creatures (collateral kills)
  A bat (D)
1 creature vanquished.

Grand Total: 6 creatures vanquished

Notes
Turn   | Place    | Note
-------+----------+-------------------------------------------
     0 | D        | equalderp2856 the Felid Summoner began the quest for the Orb.
     0 | D        | Reached XP level 1. HP: 7/7 MP: 4/4
   299 | D        | Reached skill level 5 in Summonings
   313 | D        | Noticed a quasit
   331 | D        | Reached XP level 2. HP: 6/11 MP: 1/6
   363 | D        | Slain by a quasit

Skill      XL: |  1 |
---------------+----+-----
Dodging        | 3 |  3.1
Stealth        | 3 |  3.0
Summonings     | 5 |  5.2
Unarmed Combat | |  0.8
Spellcasting   | |  2.3

Action                   || total
-------------------------++-------
Melee: Unarmed           ||    42
       Bite              ||     4
 Cast: Summon Small Mamm ||    11
 Stab: Sleeping          ||     3
Armor: Skin              ||     6
Dodge: Dodged            ||    64
